cohdb
Replays
Latest Replays
All Replays
Popular Replays
Top Player Replays
Match Explorer
How It Works
Community
CoH3 Stats
Reddit
Sign in to upload your games and track your stats! →
Sign in with Steam
Match 43283720
Unlisted
Match 43283720
Overview
Messages
Build Orders
End
Construct Section Command Post
Dingo Light Scout Car
Selects Canadian Shock Battlegroup
Selects Canadian Shock Battlegroup
Selects Canadian Shock Battlegroup
Infantry Section
Infantry Section
Vickers Machine Gun Team
Construct Platoon Command Post
Selects Attacking Spirit
Selects Incendiary Munitions
6-pounder Anti-tank Gun Team
Construct Company Command Post
Crusader II Medium Tank
Grenade Package
Selects Pyrotechnics
Crusader II Medium Tank
Crusader II Medium Tank
Royal Engineer Section
Armored Vehicle Training
Selects Canadian Shock Section
Canadian Shock Section
Unlock M3 Grant Medium Tanks
Selects Churchill Crocodile Heavy Tank
Churchill Crocodile Heavy Tank
Luckyman55
AHOIENMQ
el campo
MaXiS
0
0
Comments
sign in to comment!
No comments posted yet!